Map: Ley Lines

Players

BabyMarine - Winner!

  • Race: Terran Terran
  • Spawn Location: 1:00

LunaSea

  • Race: Protoss Protoss
  • Spawn Location: 7:00

Event: HomeStory Cup XXVII

VOD

Have the link to the VOD?

Description

Time

  • Played on: June 27, 2025, 1:52 p.m.
  • Length: 11:35

All games in this series

Show
View Real Time Build Order
Export as new Build Order

BabyMarine Terran - Winner!

Build Orders:  

Get SALT Encoding   

  12  0:00  SCV  
  13  0:12  SCV  
  14  0:16  Supply Depot  
  14  0:24  SCV  
  15  0:38  SCV  
  15  0:39  Barracks  
  15  0:42  Refinery  
  16  0:50  SCV  
  16  0:52  Refinery  
  17  1:02  SCV  
  18  1:15  SCV  
  19  1:26  Reaper  
  19  1:27  Orbital Command  
  19  1:28  Supply Depot  
  20  1:39  Factory  
  20  1:53  SCV  
  21  1:58  Barracks Reactor  
  21  2:05  SCV  
  22  2:15  Command Center  
  22  2:19  SCV  
  23  2:24  Widow Mine  
  25  2:31  Supply Depot, SCV  
  26  2:38  Starport  
  26  2:41  Marine  
  26  2:43  Marine  
  28  2:47  SCV  
  29  2:52  Hellion  
  31  2:59  SCV  
  31  3:04  Marine x2  
  34  3:11  SCV  
  35  3:15  Factory Tech Lab  
  35  3:16  Medivac  
  37  3:23  SCV  
  37  3:24  Marine  
  39  3:27  Marine  
  39  3:33  Siege Tank  
  43  3:35  SCV  
  44  3:42  Marine  
  44  3:45  Marine  
  44  3:47  SCV  
  47  3:48  Starport Tech Lab  
  48  3:55  SCV  
  48  4:00  Marine  
  48  4:02  Marine  
  49  4:04  SCV  
  48  4:11  Siege Tank  
  48  4:13  Orbital Command  
  48  4:16  Viking  
  51  4:17  Marine  
  51  4:18  SCV  
  51  4:20  Marine  
  54  4:26  Supply Depot  
  54  4:34  Barracks  
  54  4:35  Marine  
  54  4:36  SCV  
  54  4:38  Marine  
  56  4:41  SCV  
  56  4:45  Siege Tank  
  61  4:50  SCV  
  62  4:53  Marine, SCV  
  64  5:02  SCV  
  63  5:08  SCV  
  63  5:11  Bunker  
  63  5:12  Supply Depot  
  64  5:14  SCV  
  64  5:17  Banshee  
  64  5:18  Marine  
  64  5:19  Engineering Bay  
  69  5:22  SCV  
  70  5:30  Supply Depot  
  70  5:31  Supply Depot  
  70  5:33  SCV  
  70  5:34  Widow Mine  
  73  5:36  Refinery  
  73  5:37  Marine x2  
  73  5:39  SCV  
  76  5:44  Marine  
  76  5:45  Stimpack, SCV  
  76  5:49  Terran Infantry Weapons Level 1  
  78  5:56  Marine x2, SCV, Widow Mine  
  83  5:59  SCV  
  84  6:07  Supply Depot x2  
  84  6:08  Barracks  
  84  6:09  SCV  
  84  6:10  Starport Reactor  
  85  6:15  Bunker, Marine x2  
  85  6:17  Supply Depot  
  85  6:18  Widow Mine  
  89  6:20  SCV  
  89  6:23  Refinery  
  90  6:27  Marine  
  90  6:30  SCV  
  93  6:32  SCV  
  93  6:40  Factory Reactor  
  93  6:42  SCV  
  93  6:43  Command Center  
  93  6:48  Marine  
  93  6:49  Marauder  
  93  6:53  SCV  
  96  6:55  SCV  
  97  7:05  Combat Shield, SCV  
  97  7:08  Marauder, SCV  
  101  7:12  Medivac  
  101  7:13  Marine x2, Medivac  
  107  7:17  SCV  
  107  7:19  Marauder  
  107  7:20  SCV  
  107  7:22  Widow Mine x2  
  115  7:27  Supply Depot  
  115  7:29  Marauder, Concussive Shells  
  117  7:33  Barracks  
  117  7:36  Barracks, Marine  
  118  7:37  Marine  
  119  7:47  Marauder  
  119  7:48  Terran Infantry Armor Level 1  
  119  7:50  Marauder  
  123  7:53  Supply Depot x2  
  123  7:54  Widow Mine x2  
  123  7:56  Medivac  
  129  8:03  Missile Turret, Supply Depot  
  129  8:04  Marine  
  129  8:05  Marine  
  131  8:09  SCV x2  
  131  8:10  Marine  
  131  8:11  Marine  
  130  8:21  SCV x2  
  130  8:24  Barracks Reactor, Widow Mine x2  
  136  8:33  SCV x2  
  137  8:34  Marine  
  137  8:35  Marauder, Marine  
  137  8:40  Viking  
  141  8:45  SCV  
  141  8:47  Viking  
  141  8:48  SCV  
  142  8:53  Orbital Command  
  142  8:58  SCV  
  142  9:00  SCV  
  144  9:04  Marauder x2, Marine, Barracks Tech Lab  
  149  9:12  SCV  
  150  9:18  Marine x2  
  150  9:20  SCV  
  153  9:24  SCV x2  
  153  9:25  Marauder x2  
  153  9:26  Viking x2  
  153  9:31  Widow Mine x2  
  167  9:34  Supply Depot  
  167  9:35  SCV  
  167  9:37  SCV  
  157  9:42  Marauder  
  157  9:44  Armory  
  156  9:53  SCV  
  156  9:56  Viking x2  
  161  10:01  Marauder x2  
  161  10:02  SCV  
  161  10:04  Marauder, Marine x3  
  155  10:11  SCV  
  146  10:14  Marine  
  144  10:21  Engineering Bay  
  144  10:22  Marine x2  
  144  10:23  Marauder x2  
  144  10:26  Marauder, Viking x2, Marine, SCV  
  155  10:32  Marine  
  155  10:33  Missile Turret  
  155  10:34  Command Center  
  156  10:39  Marine  
  156  10:41  Starport  
  157  10:44  Marauder  
  157  10:48  Marauder  
  159  10:54  Barracks x2  
  159  10:55  Barracks  
  156  10:57  Marine x2  
  156  10:58  Marauder  
  156  10:59  SCV  
  156  11:02  SCV  
  144  11:06  Marauder  
  144  11:07  Marine x2, SCV  
  144  11:09  Marauder  
Show
View Real Time Build Order
Export as new Build Order

LunaSea Protoss 

Build Orders: 1 Gate Expand 

Get SALT Encoding   

  12  0:00  Probe  
  13  0:12  Probe  
  14  0:16  Pylon  
  14  0:23  Probe  
  15  0:31  Probe  
  15  0:37  Gateway  
  15  0:39  Probe  
  16  0:45  Assimilator  
  17  0:51  Probe  
  18  1:03  Probe  
  19  1:15  Probe  
  20  1:24  Cybernetics Core  
  20  1:33  Nexus  
  20  1:38  Pylon  
  20  1:42  Probe  
  21  1:48  Assimilator  
  21  1:50  Adept  
  21  1:52  Warp Gate  
  22  1:54  Probe  
  24  2:06  Probe  
  25  2:11  Adept  
  25  2:18  Probe  
  28  2:25  Robotics Facility  
  28  2:36  Gateway  
  28  2:37  Stalker  
  30  2:47  Probe  
  30  2:49  Probe  
  32  2:59  Probe  
  32  3:01  Probe, Warp Prism  
  32  3:11  Probe  
  35  3:17  Probe  
  35  3:19  Pylon  
  36  3:23  Probe  
  37  3:29  Probe  
  38  3:35  Probe  
  38  3:40  Stalker x2  
  43  3:43  Probe  
  43  3:46  Pylon  
  43  3:47  Probe  
  45  3:55  Probe  
  46  4:02  Stalker  
  46  4:03  Stalker  
  46  4:07  Probe  
  50  4:10  Probe  
  50  4:15  Immortal  
  51  4:17  Twilight Council  
  51  4:21  Probe  
  52  4:29  Pylon, Probe  
  57  4:35  Gateway  
  57  4:37  Gateway  
  57  4:41  Probe  
  57  4:44  Charge  
  58  4:50  Stalker x2  
  58  4:51  Pylon  
  54  5:10  Probe  
  54  5:11  Probe  
  56  5:22  Probe  
  56  5:24  Probe  
  58  5:34  Probe  
  59  5:36  Zealot x3  
  59  5:37  Observer, Nexus  
  59  5:41  Probe  
  67  5:46  Probe  
  67  5:49  Pylon  
  68  5:53  Probe, Assimilator  
  69  6:00  Stalker x2  
  69  6:02  Zealot  
  72  6:10  Probe  
  73  6:21  Zealot  
  73  6:23  Zealot  
  73  6:24  Zealot x2  
  81  6:31  Probe  
  82  6:36  Probe  
  82  6:38  Robotics Bay  
  83  6:40  Gateway  
  83  6:42  Forge  
  83  6:44  Probe  
  82  6:55  Stalker x3  
  82  6:58  Probe  
  82  7:00  Probe  
  82  7:01  Probe  
  85  7:03  Shield Battery  
  85  7:10  Probe x2  
  85  7:11  Probe  
  88  7:16  Colossus  
  88  7:17  Protoss Ground Weapons Level 1  
  88  7:18  Probe x2  
  88  7:23  Probe  
  88  7:26  Probe  
  88  7:27  Probe  
  88  7:31  Shield Battery  
  88  7:35  Probe  
  97  7:40  Probe, Zealot  
  100  7:44  Pylon  
  100  7:45  Probe  
  100  7:46  Pylon  
  101  8:02  Probe x2, Zealot x3  
  101  8:03  Colossus  
  109  8:11  Probe  
  116  8:29  Pylon x2  
  116  8:31  Assimilator  
  112  8:37  Blink  
  112  8:38  Nexus  
  112  8:39  Zealot x4  
  112  8:50  Pylon  
  112  8:54  Stalker  
  112  8:55  Colossus  
  118  9:03  Zealot x2  
  118  9:04  Zealot x2  
  118  9:06  Extended Thermal Lance  
  126  9:10  Probe  
  126  9:13  Gateway  
  126  9:16  Gateway  
  127  9:19  Gateway  
  127  9:22  Pylon, Zealot  
  127  9:24  Zealot x4  
  133  9:35  Colossus  
  111  9:47  Zealot x5  
  127  9:54  Probe  
  108  10:07  Zealot x5  
  106  10:14  Zealot x3  
  106  10:23  Colossus  
  106  10:27  Zealot x5  
  105  10:36  Zealot x3  
  111  10:44  Pylon  
  101  10:52  Sentry, Nexus  
  101  10:56  Zealot x2  
  101  10:59  Zealot  
  101  11:01  Zealot  
  73  11:06  Zealot  
  63  11:14  Zealot x2  
  63  11:16  Stalker  
Tags
 
Add a new tag
Caveats
  • Supply blocks, unpowered buildings, or Contaminate may cause inaccurate times.
  • Supply counts are checked every 10 seconds.